 Dungeon Crawl Stone Soup version 0.26-a0-712-ga5a9c9c9d0 (webtiles) character file.

Game seed: 14603347817565263777

96 Azzok the Chopper (level 4, -3/35 HPs)
             Began as a Demonspawn Berserker on Nov 8, 2020.
             Was a Believer of Trog.
             Slain by a gnoll
             ... wielding a +0 spear
              (6 damage)
             ... on level 3 of the Dungeon.
             The game lasted 00:02:04 (2583 turns).

Azzok the Chopper (Demonspawn Berserker)            Turns: 2583, Time: 00:02:05

Health: -3/35      AC:  6    Str: 19    XL:     4   Next: 41%
Magic:  4/4        EV: 10    Int:  8    God:    Trog [**....]
Gold:   122        SH:  0    Dex: 12    Spells: 3/3 levels left

rFire    . . .     SeeInvis .   c - +0 dagger (venom)
rCold    . . .     Faith    .   (no shield)
rNeg     . . .     Spirit   .   j - +0 scale mail
rPois    .         Reflect  .   (no helmet)
rElec    .         Harm     .   m - scarf {shadows}
rCorr    .         Rampage  .   (no gloves)
MR       .....                  (no boots)
Stlth    ..........             (no amulet)
HPRegen  0.11/turn              i - ring of attention (curse)
MPRegen  0.09/turn              (no ring)

@: no status effects
A: powered by pain 1
a: Berserk, Trog's Hand, Renounce Religion


You were on level 3 of the Dungeon.
You worshipped Trog.
Trog was pleased with you.
You visited 1 branch of the dungeon, and saw 3 of its levels.

You collected 122 gold pieces.

Inventory:

Hand Weapons
 a - a +0 hand axe
 c - a +0 dagger of venom (weapon)
Armour
 j - a +0 scale mail (worn)
 m - a scarf of shadows (worn)
Jewellery
 i - a cursed ring of attention (left hand)
Wands
 k - a wand of acid (4)
Scrolls
 b - a scroll of immolation {unknown}
Potions
 d - a potion of berserk rage {unknown}
 e - 5 potions of curing
 f - 3 potions of might {unknown}
 g - a potion of mutation {unknown}
 h - 2 potions of stabbing {unknown}
 l - 3 potions of magic {unknown}
 n - a potion of haste {unknown}


   Skills:
 - Level 3.0 Fighting
 + Level 4.8 Axes
 - Level 1.7 Armour
 - Level 1.7 Dodging


You had 3 spell levels left.
You didn't know any spells.
Your spell library was empty.

Dungeon Overview and Level Annotations

Branches:
Dungeon (3/15)

Altars:
The Shining One


Innate Abilities, Weirdness & Mutations

You sometimes gain a little power by taking damage.


Message History

The gnoll barely misses you.
You hit the gnoll.
You kill the gnoll!
Trog accepts your kill. The gnoll hits you but does no damage.
You hit the gnoll.
The gnoll is lightly wounded.
The gnoll barely misses you.
You hit the gnoll but do no damage.
The gnoll is poisoned.
The gnoll is lightly wounded.
The gnoll hits you with a +0 spear!
* * * LOW HITPOINT WARNING * * *
You barely miss the gnoll.
The gnoll is lightly wounded.
The gnoll hits you with a +0 spear.
* * * LOW HITPOINT WARNING * * *
You barely miss the gnoll.
The gnoll is lightly wounded.
The gnoll hits you with a +0 spear.
You die...

▒········▒▒▒▒
▒·▒
▒···········▒
▒▒▒▒▒g▒
▒···········
▒·····▒▒▒
▒▒·········
▒········
▒·▒▒▒···▒
▒·)▒▒▒▒▒▒
▒·····?·▒ ▒g(▒
▒▒▒▒····▒ ▒··▒
▒·▒>▒▒▒▒▒▒▒▒▒··▒
▒·▒·@g†········▒
▒·▒▒▒▒▒▒▒▒▒▒▒·▒▒
▒·▒ ▒·▒ ▒>· ··▒
▒▒▒ ▒▒▒


You could see a gnoll (very poisoned).

Vanquished Creatures
  3 gnolls (D:3)
  2 adders
  An ooze (D:2)
  A dart slug (D:2)
  3 orcs (D:3)
  2 giant cockroaches
  3 goblins
  5 hobgoblins
  A quokka (D:2)
  5 bats
  8 frilled lizards
  6 kobolds
  6 rats
46 creatures vanquished.

Vanquished Creatures (others)
  A fungus (D:1)
  A plant (D:1)
2 creatures vanquished.

Grand Total: 48 creatures vanquished

Notes
Turn   | Place    | Note
-------+----------+-------------------------------------------
     0 | D:1      | Azzok the Demonspawn Berserker began the quest for the Orb.
     0 | D:1      | Reached XP level 1. HP: 18/18 MP: 1/1
   218 | D:1      | Reached skill level 3 in Axes
   442 | D:1      | Gained mutation: You sometimes gain a little power by
                  | taking damage. [demonic ancestry]
   442 | D:1      | Reached XP level 2. HP: 24/24 MP: 2/2
  1638 | D:2      | Found a glowing golden altar of the Shining One.
  1642 | D:2      | Reached ** piety under Trog
  1770 | D:2      | Reached XP level 3. HP: 27/29 MP: 3/3
  1877 | D:2      | Reached skill level 4 in Axes
  2558 | D:3      | Reached XP level 4. HP: 32/35 MP: 4/4
  2583 | D:3      | Slain by a gnoll

Illustrated notes

Levels and vault maps discovered:
D:1:      wander_arrival_fairy_ring, layout_loops_cross
D:2:      layout_loops_corners, tso_metal_star
D:3:      layout_loops_ring, tgw_xom, uniq_crazy_yiuf_cottage, uniq_robin,
          uniq_terence

Skill      XL: |  1  2  3 |
---------------+----------+-----
Axes           | 3 4 |  4.8
Fighting       | |  3.0
Armour         | |  1.7
Dodging        | |  1.7

Action                   |  1- 3 |  4- 6 || total
-------------------------+-------+-------++-------
Melee: Dagger            |   152 |    11 ||   163
       Hand axe          |     3 |       ||     3
  Use: Scroll            |     3 |       ||     3
Armor: Animal skin       |     8 |       ||     8
       Scale mail        |    60 |     1 ||    61
Dodge: Dodged            |    86 |     4 ||    90

Table legend: (Time is in decaauts)
 A = Elapsed time spent in this place.
 B = Non-inter-level travel time spent in this place.
 C = Inter-level travel time spent in this place.
 D = Time resting spent in this place.
 E = Time spent auto-exploring this place.
 F = Levels seen in this place.
 G = Mean time per level.
                   A        B        C        D        E       F      G
               +--------+--------+--------+--------+--------+-----+--------+
         Total |   2581 |   2489 |     92 |    375 |   1706 |   3 |  860.3 |
       Dungeon |   2581 |   2489 |     92 |    375 |   1706 |   3 |  860.3 |
               +--------+--------+--------+--------+--------+-----+--------+

Top non-repeatable levels by time:
     D:2: 1538 daAuts
     D:1: 736 daAuts
     D:3: 306 daAuts
